Map: Lerilak Crest

Players

Vaisravana

  • Race: Zerg Zerg
  • League: Master

PiG - Winner!

  • Race: Zerg Zerg

Event: NationWars III

VOD

Have the link to the VOD?

Description

Time

  • Played on: Nov. 21, 2015, 4:56 p.m.
  • Length: 4:45

All games in this series

Show
View Real Time Build Order
Export as new Build Order

Vaisravana Zerg 

Build Orders: Pool Only, Zergling Baneling 

Get SALT Encoding   

  12  0:17  Spawning Pool  
  11  0:22  Drone  
  11  0:26  Extractor  
  11  0:30  Drone  
  11  0:34  Drone  
  13  0:45  Overlord  
  13  1:04  Zergling x4  
  13  1:05  Zergling x2  
  16  1:16  Zergling x2  
  17  1:25  Metabolic Boost  
  17  1:27  Zergling x2  
  18  1:37  Zergling x2  
  19  1:49  Zergling x2  
  19  1:50  Baneling Nest  
  19  1:59  Zergling x2  
  20  2:13  Zergling x2  
  20  2:21  Zergling x2  
  17  2:33  Zergling x2  
  17  2:43  Queen, Zergling x2  
  20  2:45  Baneling x2  
  20  2:48  Baneling x2  
  20  2:51  Baneling  
  20  2:52  Baneling x2  
  20  2:54  Zergling x2  
  21  3:03  Overlord  
  21  3:20  Overlord  
  21  3:22  Baneling x2  
  21  3:23  Baneling  
  21  3:43  Zergling x4  
  23  3:52  Zergling x6  
  26  3:58  Zergling x2  
  27  4:05  Zergling x2  
  28  4:10  Baneling  
  28  4:11  Baneling  
  28  4:15  Zergling x2  
Show
View Real Time Build Order
Export as new Build Order

PiG Zerg - Winner!

Build Orders: Hatch First 

Get SALT Encoding   

  12  0:01  Drone  
  13  0:13  Overlord  
  13  0:18  Drone  
  14  0:32  Drone x2  
  16  0:37  Drone  
  17  0:53  Hatchery  
  17  0:56  Drone  
  17  1:00  Drone  
  18  1:11  Spawning Pool  
  18  1:15  Drone  
  18  1:22  Extractor  
  17  1:34  Drone x2  
  19  1:44  Drone  
  19  1:47  Hatchery  
  19  1:51  Overlord  
  20  1:59  Spine Crawler  
  18  2:11  Zergling x4  
  18  2:13  Queen  
  18  2:44  Baneling Nest  
  17  2:56  Drone x2  
  17  2:58  Zergling x2  
  20  3:02  Zergling x2  
  21  3:13  Zergling x4  
  22  3:28  Baneling x2  
  22  3:29  Baneling  
  22  3:32  Zergling x4  
  24  3:38  Queen  
  26  3:44  Baneling  
  26  3:50  Baneling  
  26  3:58  Spine Crawler  
  26  4:00  Baneling  
  25  4:04  Overlord  
  25  4:07  Drone x2  
  27  4:14  Baneling  
  27  4:18  Zergling x4  
Tags
 
Add a new tag
Caveats
  • Supply blocks, unpowered buildings, or Contaminate may cause inaccurate times.
  • Supply counts are checked every 10 seconds.